 Dungeon Crawl Stone Soup version 0.20-a0-435-gf4ea4dd (webtiles) character file.

34 Kurtz the Chopper (level 3, -4/32 HPs)
             Began as a Naga Gladiator on Jan 5, 2017.
             Slain by a gnoll
             ... wielding a +0 flail
              (7 damage)
             ... on level 1 of the Dungeon.
             The game lasted 00:00:55 (1105 turns).

Kurtz the Chopper (Naga Gladiator)                  Turns: 1105, Time: 00:00:55

Health: -4/32      AC:  3    Str: 16    XL:     3   Next: 31%
Magic:  3/3        EV: 10    Int:  8    God:
Gold:   63         SH:  0    Dex: 13    Spells: 2/2 levels left

rFire  . . .     SeeInvis +     a - +0 war axe
rCold  . . .     Gourm    .     b - +0 leather armour
rNeg   . . .     Faith    .     (no shield)
rPois  +         Spirit   .     c - +0 helmet
rElec  .         Reflect  .     (no cloak)
rCorr  .         Harm     .     (no gloves)
MR     .....                    (no barding)
Stlth  +.........               (no amulet)
                                (no ring)
                                (no ring)

@: very slow
A: see invisible, deformed body, poison resistance, slowness 2, slow metabolism
1, spit poison 1, AC +1
a: Spit Poison


You were on level 1 of the Dungeon.
You were not hungry.

You visited 1 branch of the dungeon, and saw 2 of its levels.

You collected 63 gold pieces.

Inventory:

Hand Weapons
 a - a +0 war axe (weapon)
Armour
 b - a +0 leather armour (worn)
 c - a +0 helmet (worn)
Scrolls
 e - a scroll of identify {unknown}
 g - a scroll of enchant armour {unknown}
Potions
 h - a potion of curing {unknown}
 i - a potion of flight {unknown}
Comestibles
 f - a bread ration


   Skills:
 - Level 2.0 Fighting
 * Level 4.3 Axes
 - Level 1.7 Throwing
 - Level 2.4 Dodging


You had 2 spell levels left.
You didn't know any spells.

Dungeon Overview and Level Annotations

Branches:
Dungeon (2/15)

Altars:


Innate Abilities, Weirdness & Mutations

You cannot wear boots.
Your serpentine skin is tough. (AC +1)
You have supernaturally acute eyesight. (SInv)
Armour fits poorly on your strangely shaped body.
Your system is resistant to poisons. (rPois)
You cover ground very slowly.
You have a slow metabolism.
You can spit poison.


Message History

You climb upwards.
There is a stone staircase leading down here.
Throwing (i - inventory):
d - 3 throwing nets (quivered)
Press: ? - help, Shift-Dir - straight line, f - gnoll
Aim: a gnoll, wielding a flail You throw a throwing net.
The throwing net barely misses the gnoll.
The gnoll barely misses you.
Throwing (i - inventory):
d - 2 throwing nets (quivered)
Press: ? - help, Shift-Dir - straight line, f/p - gnoll
Aim: a gnoll, wielding a flail You throw a throwing net.
The throwing net barely misses the gnoll.
Throwing (i - inventory):
d - a throwing net (quivered)
Press: ? - help, Shift-Dir - straight line, f/p - gnoll
Aim: a gnoll, wielding a flail You throw a throwing net.
The throwing net closely misses the gnoll.
The gnoll hits you with a flail!
You die...

........# #.......#.### #.(.....
#####...# #.......#...###.......
##.## #.......###.......#.#. #.#
##.....## ##.#..###.#. #.#
#.......# ##.##.# #.#. #.#
#.......###..##.###.#.
######.#####.....................
.......รท..........#...####.....#.
######.####.....@##..####.....##.
#####.# #.....g##.......#.>.##.
#..##.# #.......)...######.###.
#.###[# #.......#.### ##.# ## #.#
#.# #......##.# ##..### ##.###.#
#......##.# #.....# #..##..#
#......##.# ##.###.# #.##..##
#.....(##.# #..###.# #.##.##
######..#.# ##.#....#


You could see a gnoll.

Vanquished Creatures
  A gnoll (D:2)
  A leopard gecko (D:1)
  6 bats
  A giant cockroach (D:1)
  2 goblins (D:1)
  A hobgoblin (D:1)
  3 ball pythons
  4 frilled lizards (D:1)
  3 kobolds (D:1)
  4 rats (D:1)
26 creatures vanquished.

Notes
Turn   | Place    | Note
-------+----------+-------------------------------------------
     0 | D:1      | Kurtz the Naga Gladiator began the quest for the Orb.
     0 | D:1      | Reached XP level 1. HP: 19/19 MP: 1/1
   341 | D:1      | Reached XP level 2. HP: 23/26 MP: 2/2
   669 | D:1      | Reached skill level 4 in Axes
  1082 | D:2      | Reached XP level 3. HP: 32/32 MP: 3/3
  1105 | D:1      | Slain by a gnoll

Vault maps used:
D:1:      dpeg_arrival_tiny_c
D:2:      first_bread, uniq_crazy_yiuf_cottage

Skill      XL: |  1  2 |
---------------+-------+-----
Axes           | 4 |  4.3
Fighting       | |  2.0
Throwing       | |  1.7
Dodging        | |  2.4

Action                   || total
-------------------------++-------
Melee: War axe           ||    91
Throw: Throwing net      ||     3
 Abil: Spit Poison       ||     1
Armor: Leather armour    ||    39
Dodge: Dodged            ||    65
